 Dungeon Crawl Stone Soup version 0.22.0-75-g3901e79 (console) character file.

147 erker the Covered (level 5, -1/46 HPs)
             Began as a Minotaur Fighter on Sept 14, 2018.
             Slain by a kobold
             ... wielding a +2 dagger of electrocution
              (20 damage)
             ... on level 3 of the Dungeon.
             The game lasted 00:03:09 (1566 turns).

erker the Covered (Minotaur Fighter)                Turns: 1566, Time: 00:03:10

Health: -1/46      AC:  7    Str: 20    XL:     5   Next: 8%
Magic:  4/4        EV:  8    Int:  5    God:
Gold:   66         SH:  9    Dex: 11    Spells: 4/4 levels left

rFire    . . .     SeeInvis .   a - +0 war axe
rCold    . . .     Gourm    .   c - +0 shield
rNeg     . . .     Faith    .   b - +0 scale mail
rPois    .         Spirit   .   (helmet restricted)
rElec    .         Reflect  .   (no cloak)
rCorr    .         Harm     .   (no gloves)
MR       .....                  (no boots)
Stlth    ..........             (no amulet)
HPRegen  0.15/turn              (no ring)
MPRegen  0.09/turn              (no ring)

@: no status effects
A: retaliatory headbutt, horns 2
a: no special abilities


You were on level 3 of the Dungeon.
You were not hungry.

You visited 1 branch of the dungeon, and saw 3 of its levels.

You collected 66 gold pieces.

Inventory:

Hand Weapons
 a - a +0 war axe (weapon)
 r - a +0 dagger of draining
Missiles
 p - 12 poisoned needles
Armour
 b - a +0 scale mail (worn)
 c - a +0 shield (worn)
 q - a +0 plate armour
Scrolls
 e - 3 scrolls of teleportation {unknown}
 j - 5 scrolls of identify {unknown}
 k - 2 scrolls of remove curse {unknown}
 m - a scroll of enchant armour {unknown}
 n - a scroll of blinking {unknown}
 s - a scroll of immolation {unknown}
 t - a scroll of noise {unknown}
Potions
 d - a potion of might
 g - a potion of heal wounds {unknown}
 h - a potion of berserk rage {unknown}
 i - 2 potions of curing {unknown}
 l - a potion of resistance {unknown}
Comestibles
 f - 3 rations
 o - 4 chunks of flesh


   Skills:
 + Level 4.1 Fighting
 + Level 4.1 Axes
 + Level 4.7 Armour
 + Level 1.0 Dodging
 + Level 4.6 Shields


You had 4 spell levels left.
You didn't know any spells.
Your spell library was empty.

Dungeon Overview and Level Annotations

Branches:
Dungeon (3/15)

Altars:
Qazlal


Innate Abilities, Weirdness & Mutations

You reflexively headbutt those who attack you in melee.
You have a pair of horns on your head.


Message History

You are too injured to fight recklessly!
You are too injured to fight recklessly!
You are too injured to fight recklessly!
You are too injured to fight recklessly!
You are too injured to fight recklessly!
You are too injured to fight recklessly!
You are too injured to fight recklessly!
You are too injured to fight recklessly!
You are too injured to fight recklessly!
You are too injured to fight recklessly!
You are too injured to fight recklessly!
You are too injured to fight recklessly!
You are too injured to fight recklessly!
You are too injured to fight recklessly!
You closely miss the kobold. The kobold hits you but does no damage.
You closely miss the kobold. You block the kobold's attack.
You barely miss the kobold.
The kobold hits you with a dagger of electrocution. x2
You are electrocuted!
You die...

.............. ..
#.................. ...
#.................. ....
#..................
..<.##...............##.
........................
........................
............(.....##....
......K@....(((...##....
.?................##....
................####....
................# #....
.......######...# #....
....... ##### #....
####### #.... #....
#####


You could see a kobold.

Vanquished Creatures
  7 adders
  An ooze (D:3)
  4 worms (D:2)
  A dart slug (D:1)
  A leopard gecko (D:1)
  5 orcs (D:3)
  2 ball pythons (D:3)
  9 bats
  A giant cockroach (D:3)
  6 goblins
  2 hobgoblins
  9 jackals
  8 kobolds
  A quokka (D:2)
  4 frilled lizards
  A rat (D:2)
62 creatures vanquished.

Notes
Turn   | Place    | Note
-------+----------+-------------------------------------------
     0 | D:1      | erker the Minotaur Fighter began the quest for the Orb.
     0 | D:1      | Reached XP level 1. HP: 19/19 MP: 0/0
   124 | D:1      | Reached XP level 2. HP: 24/27 MP: 1/1
   614 | D:2      | Reached XP level 3. HP: 33/33 MP: 2/2
   904 | D:2      | Reached XP level 4. HP: 23/40 MP: 3/3
  1508 | D:3      | Reached XP level 5. HP: 46/46 MP: 4/4
  1524 | D:3      | Found a stormy altar of Qazlal.
  1558 | D:3      | Reached skill level 1 in Dodging
  1566 | D:3      | Slain by a kobold

Skill      XL: |  1  2  3  4  5 |
---------------+----------------+-----
Shields        | 4 |  4.6
Fighting       | 4 |  4.1
Armour         | 4 |  4.7
Axes           | 3 4 |  4.1
Dodging        | 1 |  1.0

Action                   |  1- 3 |  4- 6 || total
-------------------------+-------+-------++-------
Melee: War axe           |    92 |    65 ||   157
       Headbutt          |    16 |    18 ||    34
  Eat: Chunk             |       |     2 ||     2
Armor: Scale mail        |    45 |    26 ||    71
Dodge: Dodged            |    41 |    14 ||    55
Block: Shield            |    55 |    43 ||    98
